 Dungeon Crawl Stone Soup version 0.19.4-10-g532645f (webtiles) character file.

122439 Naow the Eclecticist (level 16, -1/98 HPs)
             Began as a Deep Elf Conjurer on Feb 25, 2017.
             Was a High Priest of Vehumet.
             Slain by an eight-headed hydra (3 damage)
             ... on level 4 of the Swamp.
             The game lasted 01:22:58 (37969 turns).

Naow the Eclecticist (Deep Elf Conjurer)           Turns: 37969, Time: 01:22:59

Health: -1/98      AC:  7    Str:  8    XL:     16   Next: 34%
Magic:  29/54      EV: 26    Int: 28    God:    Vehumet [*****.]
Gold:   2320       SH:  5    Dex: 15    Spells: 11 memorised, 8 levels left

rFire  . . .     SeeInvis .     S - staff of power
rCold  . . .     Gourm    .     x - +1 robe of Kileeh {rElec rCorr Str+3}
rNeg   . . .     Faith    .     D - +0 buckler
rPois  +         Spirit   .     (helmet restricted)
rElec  +         Reflect  .     C - +1 cloak
rCorr  +         Harm     .     P - +0 pair of gloves of the Slug {rCorr}
MR     +....                    k - +0 pair of boots
Stlth  +++.......               W - amulet of magic regeneration
                                R - ring of poison resistance
                                N - +3 ring of evasion

@: very slightly contaminated, hasted, very quick
A: horns 1
a: Renounce Religion


You were on level 4 of the Swamp.
You worshipped Vehumet.
Vehumet was extremely pleased with you.
You were not hungry.

You visited 5 branches of the dungeon, and saw 28 of its levels.
You also visited: Ice Cave and Volcano.

You collected 2320 gold pieces.

Inventory:

Armour
 k - a +0 pair of boots (worn)
 x - the +1 robe of Kileeh (worn) {rElec rCorr Str+3}
   (You found it on level 4 of the Lair of Beasts)

   It affects your strength (+3).
   It insulates you from electricity.
   It protects you from acid and corrosion.
 C - a +1 cloak (worn)
 D - a +0 buckler (worn)
 I - a +0 shield of reflection
 P - the +0 pair of gloves of the Slug (worn) {rCorr}
   (You found it on level 8 of the Dungeon)

   It protects you from acid and corrosion.
Magical Staves
 S - an uncursed staff of power (weapon)
 X - an uncursed staff of conjuration
Jewellery
 a - an uncursed ring of protection from cold
 u - an uncursed ring of protection from magic
 w - an uncursed ring of flight
 y - an uncursed ring of wizardry {unknown}
 N - a +3 ring of evasion (left hand)
 R - a ring of poison resistance (right hand)
 W - an amulet of magic regeneration (around neck)
Scrolls
 d - 4 scrolls of identify
 f - 14 scrolls of remove curse
 g - 8 scrolls of recharging
 h - a scroll of amnesia
 i - 3 scrolls of enchant armour
 l - 2 scrolls of magic mapping
 q - 4 scrolls of blinking
 r - 9 scrolls of teleportation
 J - 5 scrolls of fear
 Y - a scroll of holy word
Potions
 e - 2 potions of resistance
 j - 6 potions of brilliance
 m - 3 potions of heal wounds
 o - 3 potions of might
 p - 2 potions of agility
 t - 3 potions of berserk rage
 z - 3 potions of haste
 A - 2 potions of ambrosia
 B - 12 potions of curing
 G - a potion of flight
 H - 3 potions of cure mutation
 L - a potion of magic
 O - 2 potions of lignification
 T - 2 potions of cancellation
 Z - a potion of invisibility
Books
 E - a book of the Tempests

   Spells                             Type                      Level
   a - Static Discharge               Conjuration/Air              3
   b - Lightning Bolt                 Conjuration/Air              5
   c - Fireball                       Conjuration/Fire             5
   d - Tornado                        Air                          9
   e - Shatter                        Earth                        9
Comestibles
 c - 13 bread rations
 n - 9 slices of pizza
 s - 6 beef jerkies
 v - a royal jelly
 K - 31 fruits
 U - 5 meat rations


   Skills:
 + Level 10.5 Fighting
 + Level 14.8 Dodging
 - Level 10.9 Stealth
 - Level 4.1 Shields
 + Level 17.8 Spellcasting
 - Level 13.3 Conjurations
 - Level 6.3 Charms
 - Level 10.5 Summonings
 + Level 2.5 Earth Magic


You had 8 spell levels left.
You knew the following spells:

 Your Spells              Type           Power        Failure   Level  Hunger
a - Magic Dart            Conj           ####         0%          1    None
b - Searing Ray           Conj           ######       0%          2    None
c - Iskenderun's Battles  Conj/Chrm      ######..     1%          5    None
d - Iskenderun's Mystic   Conj           #######.     1%          4    None
e - Fulminant Prism       Conj/Hex       ######....   1%          4    None
f - Mephitic Cloud        Conj/Pois/Air  #####...     1%          3    None
g - Sticky Flame          Conj/Fire      ######..     1%          4    None
h - Spellforged Servitor  Conj/Summ      ######....   4%          7    ####...
i - Repel Missiles        Chrm/Air       #####.       1%          2    None
j - Olgreb's Toxic Radia  Pois           ####....     5%          4    None
k - Iron Shot             Conj/Erth      ######....   4%          6    ##.....


Dungeon Overview and Level Annotations

Branches:
Dungeon (15/15)            Temple (1/1) D:6            Lair (6/6) D:10
  Swamp (4/4) Lair:3        Snake (0/4) Lair:4        Slime (0/5) Lair:5
    Orc (2/2) D:9          Vaults (0/5) D:14
    Elf: Orc:2       Depths: D:15

Altars:
Ashenzari
Cheibriados
Dithmenos
Elyvilon
Fedhas
Gozag
Hepliaklqana
Kikubaaqudgha
Makhleb
Nemelex Xobeh
Okawaru
Qazlal
Ru
Sif Muna
Trog
Uskayaw
Vehumet
Xom
Yredelemnul
Zin
The Shining One
Beogh
Lugonu

Shops:
D:11 *   Orc:2 =*

Portals:
Trove: D:12 (give 3 potions of resistance)

Annotations:
D:4 1 runed door
D:15 Louise, Urug


Innate Abilities, Weirdness & Mutations

You have a pair of small horns on your head.


Message History

* * * LOW HITPOINT WARNING * * *
The seven-headed hydra misses you.
The seven-headed hydra closely misses you.
The seven-headed hydra bites you but does no damage.
The seven-headed hydra completely misses you.
You are very lightly contaminated with residual magic.
You enter the shallow water.
Moving in this stuff is going to be slow.
You see here 15 arrows.
You enter the shallow water.
Moving in this stuff is going to be slow.
You block the eight-headed hydra's attack.
The eight-headed hydra barely misses you.
The eight-headed hydra closely misses you.
The eight-headed hydra bites you.
* * * LOW HITPOINT WARNING * * *
The eight-headed hydra misses you.
The eight-headed hydra closely misses you.
The eight-headed hydra bites you.
You die...

♣♣♣♣ ♣...≈
♣♣♣♣♣♣...≈≈≈≈≈..♣♣♣
♣≈...≈≈≈≈≈≈≈≈≈≈≈..♣♣
♣.≈≈≈..≈≈≈≈≈≈≈≈≈≈≈.♣
♣♣♣≈≈≈§≈≈≈≈≈..<.≈≈≈≈≈♣
♣♣♣♣♣.≈♣..≈≈≈..≈§≈.....≈≈≈
♣....≈.♣♣@≈≈.♣≈.≈[..≈≈≈≈≈≈
♣.≈≈..<♣≈≈D≈D♣♣♣♣...≈§≈..≈
♣≈≈≈♣♣♣♣♣.D♣D.≈♣(.).÷≈≈≈≈≈
♣♣♣♣♣≈.♣≈≈(.....≈≈)..§§≈≈§
♣.≈≈≈♣♣......≈≈≈≈§≈≈≈≈≈
♣.≈.♣♣♣≈..≈.≈≈≈≈≈≈≈≈≈≈≈
♣♣♣♣♣♣..≈♣≈.≈D≈≈D≈§≈≈≈≈
♣≈(.♣♣♣♣♣......≈≈≈≈ ♣♣♣♣♣
♣♣♣♣♣♣♣≈≈≈.


You could see an eight-headed hydra, a seven-headed hydra, a five-headed hydra,
a four-headed hydra and a swamp dragon.

Vanquished Creatures
  Rupert (Lair:3)
  A thorn hunter (Swamp:2)
  Roxanne (Swamp:2)
  An orc warlord (Orc:2)
  Snorg (Lair:3)
  The ghost of letownia the Thaumaturge, a journeyman OpWz of Gozag (D:12)
  2 ogre magi
  Erolcha (D:11)
  9 hydras
  2 centaur warriors (D:13)
  5 alligators
  An orc high priest (Orc:2)
  Nergalle (Lair:1)
  Sonja (D:11)
  2 skeletal warriors (Volcano)
  An unseen horror (D:13)
  4 swamp dragons
  8 hill giants
  2 spriggan druids
  A necromancer (D:14)
  Pikel (D:8)
  3 shambling mangroves
  2 anaconda skeletons (Volcano)
  3 ugly things
  4 orc knights (Orc:2)
  A manticore (D:12)
  4 orc sorcerers (Orc:2)
  Maurice (D:11)
  3 cyclopes
  7 black mambas
  2 centaur zombies
  3 elephants (Lair:6)
  5 gargoyles
  An ice statue (IceCv)
  16 spiny frogs
  The ghost of Magnus the Carver, a novice DsGl (D:4)
  5 rime drakes
  A kobold demonologist (D:12)
  3 komodo dragons
  15 polar bears
  4 tyrant leeches
  5 blink frogs (Lair:6)
  6 trolls
  14 hornets
  5 two-headed ogres
  8 bog bodies
  13 hippogriffs
  11 slime creatures
  2 dream sheep (D:9)
  A shadow (Swamp:2)
  2 flying skulls (Volcano)
  A basilisk (Lair:2)
  Sigmund (D:2)
  12 spriggans
  2 wraiths
  3 wyverns
  An alligator skeleton (Volcano)
  48 yaks
  A hungry ghost (D:14)
  A steam dragon (D:8)
  16 vampire mosquitoes
  6 wargs
  A mottled dragon (D:14)
  16 swamp worms
  A naga (Lair:4)
  A soldier ant (D:13)
  7 insubstantial wisps (Swamp:2)
  13 water moccasins
  5 porcupines
  A sky beast (D:13)
  29 orc warriors
  3 ice beasts
  2 black bears
  4 swamp drakes
  An eye of draining (D:14)
  2 slaves (D:8)
  11 ogres
  A necrophage (D:12)
  14 wolves
  4 centaurs
  15 crocodiles
  The ghost of Naow the Conjurer, an amateur DECj (D:3)
  5 big kobolds
  17 bullfrogs
  2 wyvern skeletons
  5 scorpions
  15 killer bees
  A spriggan skeleton (Volcano)
  4 howler monkeys
  7 wights
  A troll skeleton (Volcano)
  2 electric eels
  15 crimson imps
  2 bullfrog zombies
  7 hounds
  A bullfrog skeleton (D:11)
  24 orc priests
  3 centaur skeletons
  5 jellies
  Jessica (D:3)
  Natasha (thrice) (D:3)
  A human skeleton (D:4)
  30 orc wizards
  8 iguanas
  6 worker ants
  A hound zombie (D:11)
  A worker ant zombie (D:5)
  Robin (D:3)
  15 adders
  3 shadow imps
  2 oozes (D:7)
  5 worms
  3 dart slugs
  8 leopard geckos
  95 orcs
  A ball python (D:1)
  9 giant cockroaches
  18 goblins
  10 hobgoblins
  4 jackals (D:8)
  10 kobolds
  4 quokkas
  A ball python skeleton (D:4)
  9 bats
  9 frilled lizards
  A kobold skeleton (D:4)
  A quokka skeleton (D:5)
  2 quokka zombies
  9 rats
  A fulminant prism (IceCv)
810 creatures vanquished.

Vanquished Creatures (collateral kills)
  A frost giant (IceCv)
  An ice dragon (Lair:5)
  A hydra (Swamp:4)
  2 alligators (Swamp:4)
  4 polar bears (IceCv)
  A spriggan (Swamp:4)
  A vampire mosquito (Swamp:2)
  A wolf (IceCv)
12 creatures vanquished.

Vanquished Creatures (others)
  A polar bear (IceCv)
  A flying skull (Volcano)
  3 yaks (IceCv)
  2 slaves (D:8)
  6 wolves (IceCv)
  An orc wizard (Orc:1)
  14 fulminant prisms
  2 fungi
30 creatures vanquished.

Grand Total: 852 creatures vanquished

Notes
Turn   | Place    | Note
-------+----------+-------------------------------------------
     0 | D:1      | Naow the Deep Elf Conjurer began the quest for the Orb.
     0 | D:1      | Reached XP level 1. HP: 10/10 MP: 6/6
   168 | D:1      | Reached XP level 2. HP: 15/15 MP: 0/8
   653 | D:1      | Reached skill level 5 in Conjurations
   752 | D:1      | Reached XP level 3. HP: 19/19 MP: 8/10
   883 | D:1      | Reached skill level 4 in Spellcasting
  1135 | D:1      | Learned a level 2 spell: Searing Ray
  1199 | D:2      | Noticed Sigmund
  1544 | D:2      | Found a hide-covered altar of Uskayaw.
  1545 | D:2      | Found a deep blue altar of Sif Muna.
  1545 | D:2      | Found a burning altar of Makhleb.
  1546 | D:2      | Found a hazy altar of Hepliaklqana.
  1579 | D:3      | Found a bloodstained altar of Trog.
  1616 | D:3      | Found a snail-covered altar of Cheibriados.
  1616 | D:3      | Found a blossoming altar of Fedhas.
  1640 | D:3      | Noticed an angel
  1641 | D:3      | Found a shimmering altar of Xom.
  1730 | D:3      | Noticed Naow's ghost (amateur DECj)
  1731 | D:3      | Reached XP level 4. HP: 24/24 MP: 8/12
  2035 | D:3      | Noticed Jessica
  2038 | D:3      | Killed Jessica
  2040 | D:3      | Noticed Natasha
  2043 | D:3      | Killed Natasha
  2226 | D:3      | Found a glowing silver altar of Zin.
  2261 | D:4      | Noticed Magnus's ghost (novice DsGl)
  2412 | D:4      | Reached XP level 5. HP: 20/28 MP: 5/14
  2528 | D:4      | Reached skill level 5 in Spellcasting
  2759 | D:4      | Found a basalt altar of Yredelemnul.
  2778 | D:3      | Noticed Robin
  2845 | D:3      | Killed Robin
  2848 | D:3      | Noticed Natasha
  2855 | D:3      | Killed Natasha
  3416 | D:3      | Noticed Natasha
  3420 | D:3      | Killed Natasha
  3420 | D:3      | Reached XP level 6. HP: 18/32 MP: 8/16
  3604 | D:3      | Killed Naow's ghost
  4069 | D:2      | Killed Sigmund
  4069 | D:2      | Reached skill level 6 in Spellcasting
  4179 | D:2      | Reached XP level 7. HP: 36/36 MP: 16/18
  4556 | D:2      | Found an opulent altar of Gozag.
  4588 | D:2      | Found a sparkling altar of Nemelex Xobeh.
  4697 | D:4      | Found a runed door.
  4697 | D:4      | Noticed a human
  4700 | D:4      | Found a basalt altar of Yredelemnul.
  4798 | D:4      | Killed Magnus's ghost
  4798 | D:4      | Reached skill level 7 in Spellcasting
  5196 | D:4      | Found an iron altar of Okawaru.
  5342 | D:5      | Entered Level 5 of the Dungeon
  6014 | D:6      | Reached XP level 8. HP: 41/41 MP: 13/21
  6121 | D:5      | Learned a level 5 spell: Iskenderun's Battlesphere
  6126 | D:5      | Learned a level 4 spell: Iskenderun's Mystic Blast
  6131 | D:5      | Learned a level 4 spell: Fulminant Prism
  6468 | D:5      | Reached skill level 1 in Charms
  6870 | D:5      | Reached skill level 8 in Spellcasting
  7018 | D:6      | Noticed a hippogriff
  7027 | D:6      | Killed a hippogriff
  7027 | D:6      | Reached skill level 1 in Shields
  7027 | D:6      | Reached skill level 10 in Conjurations
  7239 | D:6      | Learned a level 3 spell: Mephitic Cloud
  7410 | D:6      | Noticed a troll
  7415 | D:6      | Killed a troll
  7474 | D:6      | Found a shimmering altar of Xom.
  7633 | D:6      | Found a staircase to the Ecumenical Temple.
  7681 | Temple   | Entered the Ecumenical Temple
  7697 | Temple   | Became a worshipper of Vehumet
  8109 | D:7      | Reached XP level 9. HP: 40/45 MP: 18/23
  8314 | D:7      | Found an ancient bone altar of Kikubaaqudgha.
  9040 | D:7      | Reached skill level 9 in Spellcasting
  9198 | D:8      | Reached * piety under Vehumet
  9198 | D:8      | Offered knowledge of Sandblast by Vehumet.
  9201 | D:8      | Noticed Pikel
  9381 | D:8      | Noticed a purple ugly thing
  9399 | D:8      | Killed a purple ugly thing
  9399 | D:8      | Reached skill level 5 in Dodging
  9399 | D:8      | Reached skill level 5 in Charms
  9803 | D:8      | Killed Pikel
  9803 | D:8      | Reached XP level 10. HP: 23/50 MP: 6/25
 10306 | D:8      | Noticed an ogre mage
 10312 | D:8      | Killed an ogre mage
 10312 | D:8      | Reached skill level 10 in Spellcasting
 10676 | D:8      | Noticed a purple ugly thing
 10684 | D:8      | Killed a purple ugly thing
 10905 | D:8      | Got a pair of slimy gloves
 10911 | D:8      | Identified the +0 pair of gloves of the Slug {rCorr} (You found it on level 8 of the Dungeon)
 10923 | D:9      | Found a shadowy altar of Dithmenos.
 10959 | D:9      | Offered knowledge of Flame Tongue by Vehumet.
 10962 | D:9      | Reached ** piety under Vehumet
 11353 | D:9      | Found a staircase to the Orcish Mines.
 11369 | D:9      | Reached skill level 1 in Fighting
 11404 | D:9      | Noticed a hill giant
 11690 | D:9      | Offered knowledge of Throw Frost by Vehumet.
 11734 | D:9      | Noticed a cyclops
 11741 | D:9      | Killed a cyclops
 11967 | D:9      | Killed a hill giant
 12294 | D:9      | Reached XP level 11. HP: 57/57 MP: 20/27
 12360 | D:9      | Noticed a three-headed hydra
 12372 | D:9      | Killed a three-headed hydra
 12372 | D:9      | Reached skill level 11 in Spellcasting
 12549 | D:9      | Reached *** piety under Vehumet
 12623 | D:9      | Found a bloodstained altar of Trog.
 13004 | D:10     | Entered Level 10 of the Dungeon
 13493 | D:9      | Offered knowledge of Sticky Flame by Vehumet.
 13500 | D:9      | Learned a level 4 spell: Sticky Flame
 13546 | Orc:1    | Entered Level 1 of the Orcish Mines
 14030 | Orc:1    | Reached **** piety under Vehumet
 14315 | Orc:2    | Entered Level 2 of the Orcish Mines
 14392 | Orc:2    | Noticed an orc sorcerer
 14394 | Orc:2    | Killed an orc sorcerer
 14489 | Orc:2    | Noticed an orc knight
 14491 | Orc:2    | Killed an orc knight
 14620 | Orc:2    | Noticed an orc sorcerer
 14625 | Orc:2    | Killed an orc sorcerer
 14694 | Orc:2    | Offered knowledge of Stone Arrow by Vehumet.
 14730 | Orc:2    | Noticed an orc high priest
 14736 | Orc:2    | Noticed a soul eater
 14736 | Orc:2    | Killed an orc high priest
 14736 | Orc:2    | Reached skill level 12 in Spellcasting
 14775 | Orc:2    | Noticed an orc sorcerer
 14776 | Orc:2    | Killed an orc sorcerer
 14776 | Orc:2    | Reached skill level 5 in Stealth
 14878 | Orc:2    | Noticed an orc knight
 15055 | Orc:2    | Killed an orc knight
 15077 | Orc:2    | Noticed an orc knight
 15087 | Orc:2    | Killed an orc knight
 15258 | Orc:2    | Found a roughly hewn altar of Beogh.
 15261 | Orc:2    | Noticed an orc warlord
 15263 | Orc:2    | Noticed an orc knight
 15270 | Orc:2    | Killed an orc warlord
 15270 | Orc:2    | Reached XP level 12. HP: 68/68 MP: 8/30
 15506 | Orc:2    | Reached skill level 5 in Fighting
 15972 | Orc:2    | Found Qaijari's General Store.
 16017 | Orc:2    | Found Osutoer's Jewellery Shop.
 16060 | Orc:2    | Noticed an orc warlord
 16061 | Orc:2    | Reached ***** piety under Vehumet
 16061 | Orc:2    | Reached skill level 10 in Dodging
 16257 | Orc:2    | Offered knowledge of Spellforged Servitor by Vehumet.
 16570 | D:10     | Learned a level 7 spell: Spellforged Servitor
 16685 | D:10     | Reached skill level 1 in Summonings
 16832 | D:10     | Found a staircase to the Lair.
 16956 | D:10     | Reached skill level 13 in Spellcasting
 17580 | D:11     | Noticed Sonja
 17585 | D:11     | Noticed Maurice
 17585 | D:11     | Killed Sonja
 17587 | D:11     | Noticed Erolcha
 17591 | D:11     | Killed Maurice
 17593 | D:11     | Killed Erolcha
 17755 | D:11     | Reached skill level 5 in Summonings
 18410 | D:11     | Noticed an ogre mage
 18433 | D:11     | Killed an ogre mage
 18619 | D:11     | Found a sacrificial altar of Ru.
 18922 | D:11     | Found Norups's Assorted Antiques.
 19026 | D:11     | Reached XP level 13. HP: 75/75 MP: 32/32
 19116 | D:11     | Reached skill level 10 in Summonings
 19116 | D:11     | Reached XP level 14. HP: 65/80 MP: 33/33
 19473 | D:12     | Noticed letownia's ghost (journeyman OpWz)
 19478 | D:12     | Killed letownia's ghost
 19620 | D:12     | Found a portal to a secret trove of treasure.
 19727 | D:12     | Reached skill level 14 in Spellcasting
 19749 | D:12     | Offered knowledge of Bolt of Cold by Vehumet.
 22084 | D:14     | Found a gate to the Vaults.
 22794 | D:14     | Found a shadowy altar of Dithmenos.
 22801 | D:14     | Reached skill level 15 in Spellcasting
 22958 | D:15     | Entered Level 15 of the Dungeon
 22958 | D:15     | Noticed Louise
 22958 | D:15     | Noticed Urug
 23135 | Lair:1   | Entered Level 1 of the Lair of Beasts
 23238 | Lair:1   | Found a dark tunnel.
 23286 | Volcano  | Entered a volcano
 24243 | Lair:1   | Gained mutation: You have a pair of small horns on your head. [potion of beneficial mutation]
 24854 | Lair:1   | Noticed Nergalle
 24860 | Lair:1   | Killed Nergalle
 26385 | Lair:3   | Noticed Snorg
 26391 | Lair:3   | Killed Snorg
 26653 | Lair:3   | Noticed Rupert
 26662 | Lair:3   | Killed Rupert
 26662 | Lair:3   | Reached skill level 16 in Spellcasting
 26662 | Lair:3   | Reached XP level 15. HP: 78/90 MP: 16/37
 27288 | Lair:3   | Found a staircase to the Swamp.
 27524 | Lair:4   | Found a staircase to the Snake Pit.
 28026 | Lair:4   | Offered knowledge of Delayed Fireball by Vehumet.
 28086 | Lair:4   | Got a dull robe
 28101 | Lair:4   | Identified the +1 robe of Kileeh {rElec rCorr Str+3} (You found it on level 4 of the Lair of Beasts)
 28787 | Lair:5   | Found a snail-covered altar of Cheibriados.
 28947 | Lair:5   | Found a frozen archway.
 29392 | IceCv    | Entered an ice cave
 30464 | IceCv    | Noticed a frost giant
 30473 | IceCv    | Killed a frost giant
 30672 | IceCv    | Got an ancient rapier
 31500 | Lair:5   | Found a staircase to the Slime Pits.
 31695 | Lair:5   | Identified the Papyrus of Protection and Arcane Weapons
 31878 | Lair:6   | Entered Level 6 of the Lair of Beasts
 32024 | Lair:6   | Offered knowledge of Bolt of Draining by Vehumet.
 32332 | Lair:6   | Identified the cursed +0 rapier of Governance {flame, rC+ rN+ Dex+4} (You found it in an ice cave)
 33178 | Swamp:1  | Entered Level 1 of the Swamp
 33250 | Swamp:1  | Reached skill level 17 in Spellcasting
 34015 | Swamp:1  | Reached skill level 10 in Fighting
 34015 | Swamp:1  | Reached skill level 10 in Stealth
 34442 | Swamp:2  | Noticed Roxanne
 34653 | Swamp:2  | Noticed a thorn hunter
 34660 | Swamp:2  | Killed a thorn hunter
 34939 | Swamp:2  | Reached XP level 16. HP: 80/97 MP: 39/39
 35872 | Swamp:2  | You fall through a shaft!
 36035 | Swamp:2  | Killed Roxanne
 36838 | Swamp:3  | Learned a level 2 spell: Repel Missiles
 36856 | Swamp:3  | Learned a level 4 spell: Olgreb's Toxic Radiance
 36864 | Swamp:3  | Learned a level 6 spell: Iron Shot
 37173 | Swamp:3  | Offered knowledge of Poisonous Cloud by Vehumet.
 37173 | Swamp:3  | Reached skill level 1 in Earth Magic
 37613 | Swamp:4  | Entered Level 4 of the Swamp
 37955 | Swamp:4  | HP: 1/98 [seven-headed hydra (11)]
 37969 | Swamp:4  | HP: 2/98 [eight-headed hydra (2)]
 37969 | Swamp:4  | Slain by an eight-headed hydra

Skill      XL: |  1  2  3  4  5  6  7  8  9 10 11 12 13 14 15 16 |
---------------+-------------------------------------------------+-----
Conjurations   | 5 6 7 9 10 11 12 13 | 13.3
Spellcasting   | 4 5 6 7 8 9 10 12 13 16 17 | 17.8
Charms         | 4 6 |  6.3
Dodging        | 3 5 7 9 10 12 14 | 14.8
Shields        | 2 3 4 |  4.1
Fighting       | 2 4 6 9 10 | 10.5
Stealth        | 6 10 | 10.9
Summonings     | 9 10 | 10.5
Earth Magic    | 2 |  2.5

Action                   |  1- 3 |  4- 6 |  7- 9 | 10-12 | 13-15 | 16-18 || total
-------------------------+-------+-------+-------+-------+-------+-------++-------
Melee: Unarmed           |     2 |       |       |       |       |       ||     2
       Dagger            |       |     7 |    19 |    24 |       |       ||    50
       Staff             |       |       |       |     2 |     9 |       ||    11
 Cast: Magic Dart        |    84 |    90 |   206 |   416 |   371 |    25 ||  1192
       Searing Ray       |     1 |     7 |    27 |     5 |     1 |       ||    41
       Iskenderun's Batt |       |       |     8 |    81 |   127 |    17 ||   233
       Iskenderun's Myst |       |       |     8 |   135 |   489 |   122 ||   754
       Fulminant Prism   |       |       |     4 |     5 |     4 |     2 ||    15
       Sticky Flame      |       |       |       |       |     6 |       ||     6
       Spellforged Servi |       |       |       |       |     7 |     4 ||    11
  Use: Scroll            |       |       |       |    17 |    19 |     6 ||    42
       Potion            |       |       |       |     1 |     1 |     1 ||     3
 Stab: Distracted        |       |       |       |     1 |       |       ||     1
  Eat: Chunk             |     2 |     8 |    12 |    27 |    41 |     5 ||    95
       Meat ration       |       |       |     1 |     2 |     1 |     1 ||     5
       Beef jerky        |       |       |       |       |     2 |       ||     2
       Royal jelly       |       |       |       |       |     1 |       ||     1
Armor: Robe              |     1 |     3 |     6 |     8 |    19 |     6 ||    43
Dodge: Dodged            |     9 |    12 |    37 |    73 |   207 |    79 ||   417
Block: Buckler           |       |       |    16 |    17 |    56 |    20 ||   109
